 Dungeon Crawl Stone Soup version 0.30-a0-250-g41c1d76940 (webtiles) character file.

Game seed: 12992162970394740938

3388 Ekaitz the Sneak (level 10, -1/53 HPs)
             Began as a Vine Stalker Enchanter on Oct 13, 2022.
             Was a Follower of Ashenzari.
             Slain by an ogre
             ... wielding a +0 glaive
              (18 damage)
             ... in a bailey.
             The game lasted 00:22:05 (6253 turns).

Ekaitz the Sneak (Vine Stalker Enchanter)           Turns: 6253, Time: 00:22:05

Health: -1/53      AC:  5    Str: 10    XL:     10   Next: 4%
Magic:  0/29       EV: 13    Int: 19    God:    Ashenzari [*.....]
Gold:   292        SH:  5    Dex: 16    Spells: 10/21 levels left

rFire   . . .      SeeInvis .    a - +4 dagger
rCold   . . .      Faith    .    e - +0 buckler "Enigmatic Augurer" {Elem, Self} (curse)
rNeg    . . .      Spirit   +    b - +0 robe
rPois   .          Reflect  .    (no helmet)
rElec   .          Harm     .    (no cloak)
rCorr   .          Rampage  .    u - +1 pair of gloves of the Circumscribed Loss {Self, Range} (curse)
Will    +....                    r - +0 pair of boots
Stlth   ++........               F - amulet of regeneration
HPRegen 1.88/turn                E - ring of magical power
MPRegen 0.21/turn                t - ring of wizardry

@: very slow
A: fangs 3, regeneration 1, magic shield, antimagic bite, no potion heal 2
a: Renounce Religion, Curse Item, Shatter the Chains


You were in a bailey.
You worshipped Ashenzari.
Ashenzari was aware of your devotion.
You visited 2 branches of the dungeon, and saw 8 of its levels.
You also visited: Sewer and Bailey.

You collected 292 gold pieces.

Inventory:

Hand Weapons
 a - a +4 dagger (weapon)
 A - a +2 short sword of protection
Missiles
 n - 26 poisoned darts (quivered)
 C - 2 curare-tipped darts
 D - a boomerang
Armour
 b - a +0 robe (worn)
 e - the cursed +0 buckler "Enigmatic Augurer" (worn) {Elem, Self}
   (You found it on level 1 of the Dungeon)

   It has a curse which improves the following skills: Elements: Fire Magic, Ice
   Magic, Air Magic and Earth Magic.
   Introspection: Fighting and Spellcasting.
 r - a +0 pair of boots (worn)
 s - the +1 robe "Meed" {Fly rElec Dex+3 Slay-4}
   (You found it on level 3 of the Dungeon)

   Dex:       It affects your dexterity (+3).
   Slay:      It affects your accuracy & damage with ranged weapons and melee
   (-4).
   rElec:     It insulates you from electricity.
   Fly:       It grants you flight.
 u - the cursed +1 pair of gloves of the Circumscribed Loss (worn) {Self, Range}
   (You found it on level 3 of the Dungeon)

   It has a curse which improves the following skills: Introspection: Fighting
   and Spellcasting.
   Ranged Combat: Ranged Weapons and Throwing.
 H - a +2 ring mail of poison resistance
Jewellery
 j - a ring of protection from fire
 t - a ring of wizardry (right hand)
 E - a ring of magical power (left hand)
 F - an amulet of regeneration (around neck)
 G - a ring of wizardry
 K - a ring of protection from cold
Wands
 w - a wand of flame (66)
 z - a wand of polymorph (6)
Scrolls
 l - a scroll of amnesia
 o - a scroll of blinking
 p - a scroll of fear
 v - a scroll of summoning
 x - a scroll of poison
 y - 2 scrolls of fog
 B - 3 scrolls of enchant weapon
 J - a scroll of brand weapon
Potions
 c - 5 potions of invisibility
 d - 2 potions of flight
 f - 2 potions of mutation
 h - 3 potions of lignification
 i - 2 potions of heal wounds
 m - a potion of resistance
 q - 4 potions of attraction
 I - a potion of haste


   Skills:
 * Level 4.4(5.7) Fighting
 + Level 3.7 Short Blades
 * Level 4.7 Dodging
 + Level 7.8 Stealth
 + Level 3.6 Shields
 + Level 4.8(6.1) Spellcasting
 * Level 6.1 Hexes
 * Level 4.7(5.6) Ice Magic


You had 10 spell levels left.
You knew the following spells:

 Your Spells              Type           Power      Damage    Failure   Level
a - Ensorcelled Hibernat  Hex/Ice        56%        N/A       1%          2
b - Confusing Touch       Hex            29%        N/A       1%          3
c - Dazzling Flash        Conj/Hex       34%        N/A       4%          3
d - Tukima's Dance        Hex            29%        N/A       1%          3

Your spell library contained the following spells:

 Spells                   Type           Power      Damage    Failure   Level


Dungeon Overview and Level Annotations

Branches:
Dungeon (7/15)             Temple (1/1) D:4           Sewer (visited)
 Bailey (1/1)

Altars:
Ashenzari
Cheibriados
Elyvilon
Gozag
Hepliaklqana
Kikubaaqudgha
Makhleb
Ru
Sif Muna
Trog
Uskayaw
Wu Jian
Xom
Yredelemnul
Zin
The Shining One

Shops:
D:1 [   D:5 =


Innate Abilities, Weirdness & Mutations

You have razor-sharp teeth.
Your natural rate of healing is unusually fast.
When hurt, damage is shared between your health and your magic reserves.
Your bite disrupts and absorbs the magic of your enemies.
Potions cannot restore your health.


Message History

Aim: an ogre, wielding a +0 halberd (chance to affect: 59%)
The ogre resists with significant effort.
Unknown command.
You enter the shallow water.
Moving in this stuff is going to be slow.
The ogre completely misses you.
The ogre hits you from afar with a +0 halberd.
You block the ogre's attack. The ogre misses you.
The ogre hits you with a +0 halberd!
You barely miss the ogre. The ogre misses you. The ogre completely misses you.
You hit the ogre.
The ogre is lightly wounded.
Casting: Tukima's Dance (safe; 1% risk of failure)
Confirm with . or Enter, or press ? or * to list all spells.
Aiming: Ensorcelled Hibernation (safe; 1% risk of failure)
Press: ? - help, Shift-Dir - straight line, f - ogre, p - ogre
Aim: an ogre, wielding a +0 halberd (lightly wounded, chance to affect: 58%)
The ogre resists with significant effort.
The ogre completely misses you.
The ogre hits you from afar with a +0 halberd!
The ogre hits you with a +0 halberd!
You hit the ogre. You bite the ogre. You drain its power.
You feel invigorated.
The ogre is moderately wounded.
The ogre barely misses you.
You hit the ogre. You bite the ogre! You drain its power.
You feel invigorated.
The ogre is severely wounded.
The ogre closely misses you. The ogre hits you with a +0 halberd!
You hit the ogre.
The ogre is almost dead.
The ogre hits you from afar with a +0 halberd!
You hit the ogre.
You kill the ogre!
The ogre hits you from afar with a +0 halberd!
* * * LOW HITPOINT WARNING * * *
Unknown command.
You block the ogre's attack.
You enter the shallow water.
Moving in this stuff is going to be slow.
The ogre hits you with a +0 halberd. The ogre hits you with a +0 glaive!!
You die...

#######
###.....###
##.........##
##...........##
#....∩...∩....#
##...........##
##.....O.).##
###~~~O@###
#~~~~O#
##~~~~~##
#.......##
#.........##
..♣######.O##
.# #♣.O## ##..#
#♣..#


You could see 3 ogres.

Vanquished Creatures
  A two-headed ogre (D:6)
  Pikel (D:4)
  Grinder (D:4)
  Menkaure (D:6)
  3 water moccasins
  An ice beast (D:6)
  2 ogres
  4 kobold brigands (Sewer)
  A phantom (D:6)
  A lemure (D:4)
  A bullfrog (D:7)
  2 scorpions
  A wight (D:7)
  A howler monkey (D:6)
  A jelly (D:5)
  3 hounds
  2 orc priests
  3 iguanas
  3 orc wizards
  7 gnolls
  13 adders
  5 river rats
  A shadow imp (D:6)
  8 worms
  2 dart slugs (D:2)
  29 orcs
  3 bats
  11 endoplasms
  6 giant cockroaches
  8 goblins
  5 hobgoblins
  14 kobolds
  4 quokkas
  10 ball pythons
  5 frilled lizards
  8 rats
172 creatures vanquished.

Vanquished Creatures (collateral kills)
  3 wights (D:7)
  2 orcs (D:5)
5 creatures vanquished.

Vanquished Creatures (others)
  3 dancing weapons
3 creatures vanquished.

Grand Total: 180 creatures vanquished

Notes
Turn   | Place    | Note
-------+----------+-------------------------------------------
     0 | D:1      | Ekaitz the Vine Stalker Enchanter began the quest for the
                  | Orb.
     0 | D:1      | Reached XP level 1. HP: 9/9 MP: 4/4
    55 | D:1      | Found Dorixeiw's Antique Armour Emporium.
   167 | D:1      | Reached XP level 2. HP: 13/13 MP: 6/6
   176 | D:1      | Learned a level 2 spell: Ensorcelled Hibernation
   364 | D:1      | Reached XP level 3. HP: 11/16 MP: 3/7
   368 | D:1      | Learned a level 3 spell: Confusing Touch
   620 | D:2      | Reached skill level 1 in Short Blades
   753 | D:2      | Found a faded altar of an unknown god.
  1089 | D:2      | Reached skill level 1 in Shields
  1152 | D:2      | Gained mutation: Your natural rate of healing is unusually
                  | fast. [Vine Stalker growth]
  1152 | D:2      | Reached XP level 4. HP: 21/21 MP: 8/8
  1541 | D:3      | Reached skill level 4 in Stealth
  1541 | D:3      | Reached skill level 1 in Ice Magic
  1612 | D:3      | Identified the +1 robe "Meed" {Fly rElec Dex+3 Slay-4}
  2131 | D:4      | Noticed Grinder
  2142 | D:4      | Killed Grinder
  2143 | D:4      | Reached skill level 1 in Fighting
  2143 | D:4      | Reached XP level 5. HP: 25/25 MP: 6/10
  2143 | D:4      | Reached XP level 6. HP: 30/30 MP: 6/11
  2154 | D:4      | Learned a level 3 spell: Tukima's Dance
  2194 | D:4      | Noticed Pikel
  2220 | D:4      | Killed Pikel
  2221 | D:4      | Reached skill level 5 in Stealth
  2221 | D:4      | Reached XP level 7. HP: 24/35 MP: 3/12
  2291 | D:4      | Reached skill level 6 in Stealth
  2305 | D:4      | Found a glowing drain.
  2418 | Sewer    | Entered a sewer
  2589 | Sewer    | Gained mutation: You have razor-sharp teeth. [Vine Stalker
                  | growth]
  2589 | Sewer    | Reached XP level 8. HP: 39/39 MP: 5/14
  3420 | D:4      | Found a staircase to the Ecumenical Temple.
  3428 | Temple   | Entered the Ecumenical Temple
  3435 | Temple   | Became a worshipper of Ashenzari the Shackled
  3804 | D:5      | Entered Level 5 of the Dungeon
  3881 | D:5      | Learned a level 3 spell: Dazzling Flash
  4015 | D:5      | Found Odwara's Jewellery Boutique.
  4142 | D:5      | Found a shimmering blue altar of Sif Muna.
  4469 | D:5      | Reached * piety under Ashenzari
  4722 | D:5      | Found a glowing golden altar of the Shining One.
  4809 | D:5      | Reached skill level 7 in Stealth
  4809 | D:5      | Reached skill level 5 in Hexes
  5047 | D:6      | Found a bloodstained altar of Trog.
  5110 | D:6      | Reached XP level 9. HP: 46/46 MP: 17/17
  5127 | D:6      | Noticed Menkaure
  5165 | D:6      | Killed Menkaure
  5295 | D:6      | Noticed a two-headed ogre
  5306 | D:6      | Killed a two-headed ogre
  5923 | D:7      | Found a flagged portal.
  6002 | D:7      | Found a white marble altar of Elyvilon.
  6160 | D:7      | Reached XP level 10. HP: 53/53 MP: 20/20
  6214 | Bailey   | Entered a bailey
  6253 | Bailey   | Slain by an ogre

Illustrated notes

Levels and vault maps discovered:
D:1:      kennysheep_arrival_forest, layout_rooms, serial_shops, shop_fountains,
          hangedman_abyss_or_decor_stabs
D:2:      layout_loops_corners, ebering_ecumenical_altar_webs
D:3:      layout_basic
D:4:      layout_loops_ring, minmay_temple_entry_mini_moons,
          portal_sewer_entry_e, uniq_pikel, uniq_grinder
D:5:      layout_basic, led_sif_pool, kennysheep_mini,
          chequers_serial_rivers_large_a, minmay_shop_enchanted_jewellery,
          mrwooster_statue_mirror
D:6:      nicolae_BIG_FREAKIN_CUBE, layout_loops_ring, bloody_trog,
          uniq_menkaure
D:7:      layout_basic, mainiacjoe_overflow_24_doors,
          lightli_bailey_entry_fortress
Temple:   nicolae_temple_no_exploring_needed
Bailey:   bailey_polearm_enchanted_keep_hellmonk, bailey

Skill      XL: |  1  2  3  4  5  6  7  8  9 |
---------------+----------------------------+-----
Short Blades   | 1 2 3 |  3.7
Shields        | 1 2 3 |  3.6
Stealth        | 4 5 6 7 |  7.8
Ice Magic      | 1 2 3 4 |  4.7
Dodging        | 2 3 4 |  4.7
Fighting       | 1 2 3 4 |  4.4
Spellcasting   | 3 4 |  4.8
Hexes          | 4 5 6 |  6.1

Action                   |  1- 3 |  4- 6 |  7- 9 | 10-12 || total
-------------------------+-------+-------+-------+-------++-------
Melee: Dagger            |   101 |    74 |    68 |     6 ||   249
       Bite              |    30 |    19 |   101 |     2 ||   152
       Punch             |     2 |     1 |       |       ||     3
       Short sword       |       |       |   328 |       ||   328
 Cast: Ensorcelled Hiber |     4 |     7 |    36 |     1 ||    48
       Confusing Touch   |       |     2 |     2 |       ||     4
       Tukima's Dance    |       |     1 |    11 |     4 ||    16
       Dazzling Flash    |       |       |     1 |       ||     1
Invok: Curse Item        |       |       |     2 |       ||     2
 Stab: Sleeping          |    10 |    10 |    37 |       ||    57
       Confused          |       |     2 |     1 |       ||     3
       Distracted        |       |     1 |     1 |       ||     2
       Invisible         |       |       |     1 |       ||     1
Armor: Robe              |    16 |    14 |   106 |       ||   136
Dodge: Dodged            |    52 |    37 |   193 |     7 ||   289
Block: Buckler           |       |     9 |   112 |     2 ||   123

Table legend: (Time is in decaauts)
 A = Elapsed time spent in this place.
 B = Non-inter-level travel time spent in this place.
 C = Inter-level travel time spent in this place.
 D = Time resting spent in this place.
 E = Time spent auto-exploring this place.
 F = Levels seen in this place.
 G = Mean time per level.
                   A        B        C        D        E       F      G
               +--------+--------+--------+--------+--------+-----+--------+
         Total |   6397 |   6081 |    316 |     63 |   3998 |  10 |  639.7 |
       Dungeon |   5273 |   4964 |    309 |     59 |   3265 |   7 |  753.3 |
        Temple |     14 |      7 |      7 |      0 |      0 |   1 |   14.0 |
         Sewer |   1068 |   1068 |      0 |      4 |    718 |   1 | 1068.0 |
        Bailey |     41 |     41 |      0 |      0 |     14 |   1 |   41.0 |
               +--------+--------+--------+--------+--------+-----+--------+

Top non-repeatable levels by time:
     D:5: 1242 daAuts
   Sewer: 1068 daAuts
     D:2: 943 daAuts
     D:4: 841 daAuts
     D:6: 788 daAuts
     D:1: 582 daAuts
     D:3: 503 daAuts
     D:7: 371 daAuts
  Bailey: 41 daAuts
  Temple: 14 daAuts
